 Dungeon Crawl Stone Soup version 0.22.1-1-ga44c0e5 (webtiles) character file.

203 MalarOregon the Changer (level 5, -4/40 HPs)
             Began as a Merfolk Transmuter on Nov 12, 2018.
             Killed from afar by an orc wizard (6 damage)
             ... with a puff of flame
             ... on level 3 of the Dungeon.
             The game lasted 00:10:13 (3370 turns).

MalarOregon the Changer (Merfolk Transmuter)        Turns: 3370, Time: 00:10:14

Health: -4/40      AC:  5    Str: 10    XL:     5   Next: 81%
Magic:  8/8        EV: 14    Int: 14    God:
Gold:   117        SH:  0    Dex: 14    Spells: 2/8 levels left

rFire    . . .     SeeInvis .   f - +0 trident
rCold    . . .     Gourm    .   (no shield)
rNeg     . . .     Faith    .   b - +1 robe
rPois    .         Spirit   .   (no helmet)
rElec    .         Reflect  .   (no cloak)
rCorr    .         Harm     .   d - +1 pair of gloves
MR       .....                  (no boots)
Stlth    +.........             (no amulet)
HPRegen  0.13/turn              (no ring)
MPRegen  0.11/turn              (no ring)

@: confused, hasted, very quick
A: change form in water, swift swim, stealthy swim
a: no special abilities


You were on level 3 of the Dungeon.
You were not hungry.

You visited 1 branch of the dungeon, and saw 4 of its levels.

You collected 117 gold pieces.

Inventory:

Hand Weapons
 f - a +0 trident (weapon)
   (You found it on level 2 of the Dungeon)
Missiles
 a - 27 arrows
Armour
 b - a +1 robe (worn)
 d - a +1 pair of gloves (worn)
   (You found it on level 3 of the Dungeon)
Jewellery
 j - an uncursed ring of fire {unknown}
   (You found it on level 3 of the Dungeon)
 l - a cursed ring of positive energy {unknown}
   (You found it on level 3 of the Dungeon)
Scrolls
 c - a scroll of enchant armour
 g - 2 scrolls of teleportation {@r4}
Potions
 h - 3 potions of agility
 k - a potion of might
 m - a potion of lignification {!q}
 o - a potion of berserk rage
 q - a potion of invisibility
Comestibles
 e - 5 rations {!d}
 n - a chunk of flesh


   Skills:
 + Level 2.8 Fighting
 + Level 1.3 Polearms
 + Level 4.3 Dodging
 - Level 4.1 Unarmed Combat
 + Level 2.1 Spellcasting
 + Level 4.4 Transmutations
 + Level 1.0 Poison Magic


You had 2 spell levels left.
You knew the following spells:

 Your Spells              Type           Power        Failure   Level  Hunger
a - Beastly Appendage     Tmut           ##....       3%          1    #......
s - Sticks to Snakes      Tmut           ##......     6%          2    ###....
x - Spider Form           Tmut/Pois      #.........   22%         3    ###....

Your spell library contained the following spells:

 Spells                   Type           Power        Failure   Level  Hunger
 Ice Form                 Ice/Tmut       #.......     67%         4    #####..
 Blade Hands              Tmut           ##........   71%         5    ######.


Dungeon Overview and Level Annotations

Branches:
Dungeon (4/15)
 Temple: D:4-7

Altars:
Fedhas
Zin


Message History

You are confused.
Unknown command.
You bump into the rock wall.
Something barely misses you.
You're too confused to move!
Something hits you but does no damage.
You bump into the rock wall.
You hear some strange, mumbled words.
A puff of flame appears from out of thin air!
The puff of flame hits you!
* * * LOW HITPOINT WARNING * * *
You bump into the rock wall.
Something hits you but does no damage.
You bump into the rock wall.
Something hits you but does no damage.
Unknown command.
You bump into the rock wall.
You feel less confused. Something hits you but does no damage.
You hit something. Something hits you but does no damage.
You barely miss something. Something hits you but does no damage.
You hear some strange, mumbled words.
You are confused.
Unknown command.
It was a potion of haste.
You feel yourself speed up.
You hear some strange, mumbled words.
You are more confused.
Unknown command.
You bump into the rock wall.
You're too confused to move!
Something hits you but does no damage.
You bump into the rock wall.
Unknown command.
You're too confused to move!
Something hits you but does no damage.
You hear some strange, mumbled words.
A puff of flame appears from out of thin air!
The puff of flame hits you!
* * * LOW HITPOINT WARNING * * *
You bump into the rock wall.
You're too confused!
An orc wizard appears from thin air!
Reactivating autopickup.
You're too confused!
You're too confused to move!
You barely miss the orc wizard.
The orc wizard points at you and mumbles some strange words.
The puff of flame hits you!
You die...

....#...###.......# #.# .##....##
#...###.# #.# .####.## #.......#
######.#### ## #.# ##.##(#.#
#.......... #.# #.##.#.#
#..###.###. ##'## #......# #..#
#.# #. ##.÷.## ####.### #..###.#
#. ##.....## ##.#######..#...###.
##.......## #..@o.......#.#..##.
#.........####...#####...#.#...#.
############.....................
###...#####........... #.....#
#.###.##.### ♣♣♣♣♣ #.###.# #.#
#.#### ....♣♣♣ #.# #.# #.###.##
♣♣♣...♣♣ #.###.###.##...# ♣♣._.♣
#.........##.#.#


You could see an orc wizard.

Vanquished Creatures
  An orc wizard (D:3)
  A worker ant (D:3)
  A howler monkey zombie (D:2)
  4 gnolls (D:3)
  2 adders
  An ooze (D:1)
  An adder skeleton (D:4)
  3 dart slugs
  4 leopard geckos
  6 orcs (D:3)
  A ball python (D:3)
  6 giant cockroaches
  4 goblins (D:1)
  7 hobgoblins
  4 kobolds
  A quokka (D:3)
  4 bats
  3 frilled lizards
  12 rats
66 creatures vanquished.

Notes
Turn   | Place    | Note
-------+----------+-------------------------------------------
     0 | D:1      | MalarOregon the Merfolk Transmuter began the quest for the
                  | Orb.
     0 | D:1      | Reached XP level 1. HP: 15/15 MP: 3/3
   136 | D:1      | Reached XP level 2. HP: 20/21 MP: 3/5
   140 | D:1      | Learned a level 2 spell: Sticks to Snakes
   309 | D:1      | Reached XP level 3. HP: 25/27 MP: 4/6
  1206 | D:2      | Reached XP level 4. HP: 31/33 MP: 5/7
  1527 | D:2      | You fall through a shaft for 2 floors!
  1886 | D:3      | Reached XP level 5. HP: 27/39 MP: 6/8
  2014 | D:2      | Learned a level 3 spell: Spider Form
  2516 | D:3      | Noticed an angel
  2518 | D:3      | Found a glowing silver altar of Zin.
  2551 | D:3      | Reached skill level 1 in Polearms
  2577 | D:3      | HP: 1/39 [poisoned by a worker ant]
  2950 | D:3      | Reached skill level 1 in Poison Magic
  3255 | D:3      | Found a blossoming altar of Fedhas.
  3366 | D:3      | HP: 1/40 [something/puff of flame (7)]
  3370 | D:3      | Killed from afar by an orc wizard

Skill      XL: |  1  2  3  4  5 |
---------------+----------------+-----
Dodging        | 3 4 |  4.3
Transmutations | 3 4 |  4.4
Fighting       | 2 |  2.8
Unarmed Combat | 4 |  4.1
Polearms       | 1 |  1.3
Poison Magic   | 1 |  1.0
Spellcasting   | |  2.1

Action                   |  1- 3 |  4- 6 || total
-------------------------+-------+-------++-------
Melee: Unarmed           |   111 |    59 ||   170
       Headbutt          |    14 |    13 ||    27
       Punch             |     1 |     2 ||     3
       Trident           |       |    75 ||    75
 Cast: Beastly Appendage |    25 |    12 ||    37
       Spider Form       |       |     1 ||     1
  Use: Scroll            |       |     9 ||     9
       Potion            |       |     4 ||     4
 Stab: Sleeping          |     1 |     1 ||     2
       Distracted        |       |     1 ||     1
  Eat: Chunk             |     2 |     7 ||     9
Armor: Robe              |    25 |    30 ||    55
Dodge: Dodged            |    71 |    83 ||   154
